 Dungeon Crawl Stone Soup version 0.30.0-19-g36f170ea60 (webtiles) character file.

Game seed: 6508891834499162842

53 Graphine the Grave Robber (level 3, 0/19 HPs)
             Began as a Deep Elf Necromancer on June 1, 2023.
             Killed from afar by an orc wizard (5 damage)
             ... with a puff of flame
             ... on level 2 of the Dungeon.
             The game lasted 00:05:17 (1488 turns).

Graphine the Grave Robber (Deep Elf Necromancer)    Turns: 1488, Time: 00:05:17

Health: 0/19       AC:  5    Str:  5    XL:     3   Next: 62%
Magic:  6/10       EV: 12    Int: 21    God:
Gold:   78         SH:  0    Dex: 15    Spells: 9/10 levels left

rFire   . . .        (no weapon)
rCold   . . .        (no shield)
rNeg    . . .        a - +0 robe
rPois   .            (no helmet)
rElec   .            c - +0 cloak
rCorr   .            (no gloves)
SInv    .            f - +1 pair of boots
Will    .....        (no amulet)
Stlth   ++           (no ring)
HPRegen 0.23/turn    (no ring)
MPRegen 0.12/turn

%: no passive effects
@: no status effects
A: no striking features
a: no special abilities


You were on level 2 of the Dungeon.
You visited 1 branch of the dungeon, and saw 3 of its levels.

You collected 78 gold pieces.

Inventory:

Missiles
 g - 5 silver javelins
Armour
 a - a +0 robe (worn)
 c - a +0 cloak (worn)
 f - a +1 pair of boots (worn)
Jewellery
 d - an amulet of guardian spirit
Scrolls
 h - a scroll of vulnerability
Potions
 b - a potion of magic
 e - a potion of lignification
 i - a potion of flight {unknown}
 j - a potion of degeneration {unknown}


   Skills:
 - Level 2.4 Dodging
 - Level 2.4 Stealth
 + Level 4.4 Spellcasting
 + Level 5.7 Necromancy


You had 9 spell levels left.
You knew the following spells:

 Your Spells              Type           Power      Damage    Failure   Level
a - Necrotise             Necr           100%       1d9       1%          1

Your spell library contained the following spells:

 Spells                   Type           Power      Damage    Failure   Level
 Vampiric Draining        Necr           28%        2d8       3%          3
 Animate Dead             Necr           28%        N/A       11%         4
 Agony                    Necr           28%        N/A       30%         5


Dungeon Overview and Level Annotations

Branches:
Dungeon (3/15)

Altars:

Shops:
D:2 (


Message History

Aim: a rat (heavily wounded, not watching you, chance to affect: 93%)
The rat writhes in agony.
You kill the rat!
The dead are walking!
The orc wizard closely misses you.
Casting: Necrotise (safe; 1% risk of failure)
Confirm with . or Enter, or press ? or * to list all spells.
Aiming: Necrotise (safe; 1% risk of failure)
Press: ? - help, Shift-Dir - straight line, f - orc wizard
Aim: an orc wizard, wielding a +0 dagger and wearing a +0 robe (moderately wounded, ally target, chance to affect: 83%)
The orc wizard writhes in agony!
The orc wizard points at you and mumbles some strange words.
You are confused.
You're too confused to cast spells.
Unknown command.
The orc wizard attacks as you move away!
The orc wizard barely misses you.
The orc wizard gestures at you while chanting.
The magic dart hits you.
* * * LOW HITPOINT WARNING * * *
Your rat skeleton closely misses the orc wizard.
There is a stone staircase leading up here.
The orc wizard mumbles some strange words.
The orc wizard flickers and vanishes!
Deactivating autopickup; reactivate with Ctrl-A.
Are you sure you want to stumble around while confused and next to your rat skeleton? [Y]es or [N]o only, please.
Are you sure you want to stumble around while confused and next to your rat skeleton? [Y]es or [N]o only, please.
Are you sure you want to stumble around while confused and next to your rat skeleton?
You closely miss something.
You feel less confused. Something hits you but does no damage.
You miss something.
You hear some strange, mumbled words.
Something tries to affect you, but you resist.
You hit something but do no damage. Your punch misses something.
You hear some strange, mumbled words.
A puff of flame appears from out of thin air!
The puff of flame hits you.
You die...

##......## #########
##........## #.......#
#..........# #.......#
#........[.# ######.......#
#..........#
.....#.......###..........#
..............##.[........#
.....######..............##
.......^....##.<@Z[[......#
#...###########..{>)......#
#...#### ##..........#
.......## #..........##
...###..# #...).......#
....###.###### ##..........#
........##...#####.......[.#
.....................).....#
##.............###.........#


You could see a friendly rat skeleton.

Vanquished Creatures
  3 orcs (D:2)
  5 ball pythons
  3 bats (D:1)
  3 endoplasms
  3 giant cockroaches (D:1)
  5 hobgoblins
  5 jackals
  A frilled lizard (D:2)
  3 goblins
  3 kobolds
  4 rats
38 creatures vanquished.

Vanquished Creatures (collateral kills)
  A goblin (D:1)
  A jackal (D:1)
  A quokka (D:2)
  A kobold (D:1)
  2 rats
6 creatures vanquished.

Grand Total: 44 creatures vanquished

Notes
Turn   | Place    | Note
-------+----------+-------------------------------------------
     0 | D:1      | Graphine the Deep Elf Necromancer began the quest for the
                  | Orb.
     0 | D:1      | Reached XP level 1. HP: 10/10 MP: 6/6
    78 | D:1      | Reached skill level 5 in Necromancy
   139 | D:1      | Reached XP level 2. HP: 15/15 MP: 3/8
   915 | D:2      | Reached XP level 3. HP: 19/19 MP: 7/10
  1222 | D:2      | Found Jorudoynk's Antique Weapon Shoppe.
  1488 | D:2      | Killed from afar by an orc wizard

Illustrated notes

Levels and vault maps discovered:
D:1:      scummos_arrival_simple_fountains, layout_basic, minivault_27
D:2:      layout_rooms, serial_shops, shop
D:3:      kennysheep_the_goblin_king, layout_rooms,
          gammafunk_temple_overflow_claw

Skill      XL: |  1  2 |
---------------+-------+-----
Necromancy     | 5 |  5.7
Spellcasting   | 4 |  4.4
Dodging        | |  2.4
Stealth        | |  2.4

Action                     || total
---------------------------++-------
  Melee: Unarmed           ||    13
  Throw: Javelin           ||     1
   Cast: Necrotise         ||    68
    Use: Scroll            ||     7
 Armour: Robe              ||    16
  Dodge: Dodged            ||    49
